Get step-by-step instructions on how to execute this build order below. Start the game timer, and the build order will tick by so you can play in parallel with StarCraft on a second screen or mobile device.

Game Time

  0:00

Last Step

  N/A

Next Step

  12  0:09  SCV  

Upcoming Step

  13  0:36  SCV, Supply Depot  

Don't want to look back and forth between 2 screens? Try out our Overwolf App, the Spawning Tool Build Advisor to get an in-game overlay with this build!

Complete Build Order

  12  0:09  SCV  
  13  0:36  SCV, Supply Depot  
  13  0:40  Refinery  
  14  0:48  SCV  
  15  1:03  Barracks  
  15  1:17  SCV  
  16  1:29  SCV  
  17  1:41  SCV  
  18  2:01  Reaper, Command Center  
  19  2:08  SCV  
  20  2:20  SCV  
  21  2:30  Engineering Bay  
  21  2:32  SCV  
  22  2:42  Factory  
  22  3:06  Refinery  
  21  3:59  SCV  
  22  4:03  Factory Tech Lab  
  22  4:10  Armory  
  22  4:11  SCV  
  23  4:23  SCV, Starport  
  25  4:35  Barracks Reactor  
  24  4:51  Marine  
  25  4:55  SCV  
  26  5:01  Refinery  
  26  5:07  SCV  
  26  5:09  Marine  
  28  5:18  Thor  
  28  5:19  SCV  
  35  5:25  Refinery  
  35  5:27  Marine  
  36  5:31  SCV x2  
  38  6:04  Starport Tech Lab  
  38  6:38  Supply Depot  
  38  6:40  Supply Depot x2  
  38  6:44  Supply Depot  
  38  6:48  Orbital Command  
  38  7:01  Marine  
  38  7:02  SCV  
  38  7:04  Supply Depot  
  38  7:05  Supply Depot  
  38  7:07  Supply Depot  
  43  7:14  SCV  
  35  7:19  Raven  
  20  7:26  SCV  
  20  7:38  SCV  
  7  7:50  SCV  
  7  8:01  Raven